 Dungeon Crawl Stone Soup version 0.28-a0-1389-gc726bef33b (webtiles) character file.

Game seed: 4305445156260779227

302 Deminshera the Skirmisher (level 6, -1/53 HPs)
             Began as a Demonspawn Monk on Jan 3, 2022.
             Slain by a water moccasin (3 damage)
             ... on level 3 of the Dungeon.
             The game lasted 00:03:51 (3275 turns).

Deminshera the Skirmisher (Demonspawn Monk)         Turns: 3275, Time: 00:03:51

Health: -1/53      AC: 10    Str: 13    XL:     6   Next: 14%
Magic:  6/6        EV:  5    Int: 11    God:
Gold:   197        SH: 10    Dex: 16    Spells: 5/5 levels left

rFire   . . .      SeeInvis .   a - +0 short sword
rCold   . . .      Faith    .   m - +0 buckler
rNeg    . . .      Spirit   .   e - +0 chain mail
rPois   .          Reflect  .   (no helmet)
rElec   .          Harm     .   l - scarf {repulsion}
rCorr   .          Rampage  .   (no gloves)
Will    .....                   o - +1 pair of boots
Stlth   ..........              (no amulet)
HPRegen 0.17/turn               (no ring)
MPRegen 0.10/turn               (no ring)

@: hasted, repel missiles, very quick
A: large bone plates 2, demonic touch 2
a: no special abilities


You were on level 3 of the Dungeon.
You visited 1 branch of the dungeon, and saw 4 of its levels.

You collected 197 gold pieces.

Inventory:

Hand Weapons
 a - a +0 short sword (weapon)
Armour
 e - a +0 chain mail (worn)
 l - a scarf of repulsion (worn)
 m - a +0 buckler (worn)
 o - a +1 pair of boots (worn)
Jewellery
 j - a +6 ring of strength
Scrolls
 c - 2 scrolls of immolation {unknown}
 d - 2 scrolls of identify {unknown}
 f - 2 scrolls of acquirement {unknown}
 g - a scroll of fog {unknown}
 h - 2 scrolls of noise {unknown}
Potions
 b - a potion of brilliance {unknown}
 i - a potion of haste
 k - a potion of heal wounds {unknown}
 n - a potion of flight {unknown}


   Skills:
 + Level 6.5 Fighting
 - Level 3.0 Short Blades
 - Level 3.0 Dodging
 - Level 2.0 Stealth
 + Level 0.6 Shields


You had 5 spell levels left.
You didn't know any spells.
Your spell library contained the following spells:

 Spells                   Type           Power      Damage    Failure   Level
 Ensorcelled Hibernation  Hex/Ice        0%         N/A       100%        2
 Confusing Touch          Hex            0%         N/A       100%        3
 Spider Form              Tmut/Pois      0%         N/A       100%        3
 Yara's Violent Unravell  Hex/Tmut       0%         3d3       100%        5
 Enfeeble                 Hex            0%         N/A       100%        7


Dungeon Overview and Level Annotations

Branches:
Dungeon (4/15)
 Temple: D:4-7

Altars:
Sif Muna
Vehumet


Innate Abilities, Weirdness & Mutations

You are mostly covered in large bone plates. (SH +6)
Your touch may inflict irresistible damage on your foes.


Message History

You feel sick.
The water moccasin bites you but does no damage. x2
Your chain mail prevents you from hitting the water moccasin.
The water moccasin is severely wounded.
You feel sick. You block the water moccasin's attack.
Your chain mail prevents you from hitting the water moccasin.
The water moccasin is severely wounded.
You feel sick. The water moccasin barely misses you.
You block the water moccasin's attack.
You miss the water moccasin.
The water moccasin is severely wounded.
You feel sick.
The water moccasin bites you but does no damage.
You hit the water moccasin but do no damage.
The water moccasin is severely wounded.
You feel sick.
The water moccasin bites you but does no damage.
The water moccasin bites you.
You miss the water moccasin.
The water moccasin is severely wounded.
The water moccasin barely misses you.
You hit the water moccasin but do no damage.
The water moccasin is severely wounded.
You feel sick.
You are no longer poisoned.
You block the water moccasin's attack.
You completely miss the water moccasin.
The water moccasin is severely wounded.
The water moccasin bites you.
* * * LOW HITPOINT WARNING * * *
The water moccasin bites you.
* * * LOW HITPOINT WARNING * * *
You closely miss the water moccasin.
The water moccasin is severely wounded.
The water moccasin bites you.
* * * LOW HITPOINT WARNING * * *
Unknown command.
It was a potion of haste.
You feel yourself speed up. The water moccasin bites you.
You die...

###...................##########
...........###.........####...#
########...................†..###
#......#..#..####.####>..##.
#....#....#..####..###.####.
#....##.#.#.....##..#..###..
#<.....>....###...#...###..#
#.<..#>.#..#..(.......##..##
#......##..@S####..##....###
#....#####.#..####.........#
#....# ##..##..........###..
######.######...#######...#...###
.........#....#..# ##...##..##
.....(.....#####.# ##..#.###...
.........### #.# ##..##.##..##
########## ##.####..###....##
###..............####


You could see a water moccasin.

Vanquished Creatures
  A bullfrog zombie (D:3)
  A hound (D:3)
  Natasha (thrice) (D:2)
  An orc wizard (D:2)
  Terence (D:2)
  4 adders
  A dart slug (D:3)
  3 orcs (D:2)
  4 endoplasms
  2 giant cockroaches
  3 goblins
  7 hobgoblins
  8 jackals
  7 kobolds
  4 quokkas
  8 ball pythons
  13 bats
  A frilled lizard (D:1)
  6 rats
78 creatures vanquished.

Notes
Turn   | Place    | Note
-------+----------+-------------------------------------------
     0 | D:1      | Deminshera the Demonspawn Monk began the quest for the Orb.
     0 | D:1      | Reached XP level 1. HP: 18/18 MP: 1/1
    91 | D:1      | Gained mutation: Your touch may inflict minor irresistible
                  | damage on your foes. [demonic ancestry]
    91 | D:1      | Reached XP level 2. HP: 23/24 MP: 2/2
   283 | D:1      | Gained mutation: Your touch may inflict irresistible damage
                  | on your foes. [demonic ancestry]
   283 | D:1      | Reached XP level 3. HP: 21/29 MP: 3/3
   806 | D:2      | Found a faded altar of an unknown god.
   881 | D:2      | Reached skill level 4 in Fighting
  1061 | D:2      | Gained mutation: You are partially covered in large bone
                  | plates. (SH +4) [demonic ancestry]
  1061 | D:2      | Reached XP level 4. HP: 6/38 MP: 4/4
  1453 | D:2      | You fall into a shaft and drop 2 floors!
  1545 | D:3      | Reached skill level 5 in Fighting
  1816 | D:2      | Noticed Terence
  1827 | D:2      | Killed Terence
  1828 | D:2      | Gained mutation: You are mostly covered in large bone
                  | plates. (SH +6) [demonic ancestry]
  1828 | D:2      | Reached XP level 5. HP: 38/44 MP: 5/5
  1894 | D:2      | Found a radiant altar of Vehumet.
  1945 | D:2      | Noticed Natasha
  1955 | D:2      | Killed Natasha
  2205 | D:2      | Noticed Natasha
  2216 | D:2      | Killed Natasha
  2217 | D:2      | Reached skill level 6 in Fighting
  2222 | D:2      | Noticed Natasha
  2231 | D:2      | Killed Natasha
  2750 | D:3      | Found a shimmering blue altar of Sif Muna.
  2965 | D:3      | Reached XP level 6. HP: 53/53 MP: 6/6
  3253 | D:3      | Noticed a water moccasin
  3274 | D:3      | HP: 1/53 [water moccasin (6)]
  3275 | D:3      | Slain by a water moccasin

Illustrated notes

Levels and vault maps discovered:
D:1:      ebering_hopf_link, layout_rooms
D:2:      minmay_inner_zag, layout_rooms, nicolae_ecumenical_pavilion,
          basic_altar, uniq_terence, uniq_natasha
D:3:      layout_rooms, zin_scriptorium, amcnicky_altar_gilded
D:4:      layout_loops_ring, lightli_temple_of_fire,
          minmay_temple_entry_enclosed_plants, minmay_shop_grid_forest

Skill      XL: |  1  2  3  4  5 |
---------------+----------------+-----
Stealth        | 2 |  2.0
Dodging        | 3 |  3.0
Short Blades   | 3 |  3.0
Fighting       | 4 5 6 |  6.5
Shields        | |  0.6

Action                   |  1- 3 |  4- 6 || total
-------------------------+-------+-------++-------
Melee: Short sword       |    98 |   188 ||   286
       Touch             |    11 |    21 ||    32
  Use: Potion            |       |     1 ||     1
 Stab: Sleeping          |     2 |       ||     2
Armor: Robe              |    24 |       ||    24
       Chain mail        |    34 |    81 ||   115
Dodge: Dodged            |    57 |    59 ||   116
Block: Other             |       |    42 ||    42
       Buckler           |       |    31 ||    31

Table legend: (Time is in decaauts)
 A = Elapsed time spent in this place.
 B = Non-inter-level travel time spent in this place.
 C = Inter-level travel time spent in this place.
 D = Time resting spent in this place.
 E = Time spent auto-exploring this place.
 F = Levels seen in this place.
 G = Mean time per level.
                   A        B        C        D        E       F      G
               +--------+--------+--------+--------+--------+-----+--------+
         Total |   3265 |   3172 |     93 |   1032 |   1546 |   4 |  816.2 |
       Dungeon |   3265 |   3172 |     93 |   1032 |   1546 |   4 |  816.2 |
               +--------+--------+--------+--------+--------+-----+--------+

Top non-repeatable levels by time:
     D:2: 1568 daAuts
     D:3: 878 daAuts
     D:1: 802 daAuts
     D:4: 15 daAuts
